Unix NetHack Version 5.0.0-0 post-release - last build May  4 2026 22:22:43 (774f63e81ad911689b3a0859ea89b322d5daca8d,branch:main).

Game began 2026-05-04 22:04:54, ended 2026-05-08 02:46:40.

Kolin, lawful female dwarven Valkyrie

              ##########              -------
 ---------    #------  ###########    |......|                          -----
 |........#####|...`|            ####T+......|                        ##.>..|
 |...:...|    #|u....#################|......|      ---------------     |...|
 |.......|    #|....|           #####@-|------      |.............| ####-...|
 |.......|    #|....|#          #    #####          |.....{.......|#%   |...|
 |.......|    #.....|#        #[[     ####         #+.............|%    |...|
 |.......-#####------#        #          ##     ####|.............-#    ---.-
 -------|-    #      #        #         --|--- ##  #-.............|        #
        ##    #      #        #         |....| #   #---------------        #
         #    ##   ###        #         |^...| #####                       #
         ####  #   #-------+--#         |<...| ##                          #
            #  #   #|........|#         |....|##                           #
            #  #   #..........#         |....|##                           #
    --------|--#    |........|          |....-##                          -.--
    |.........|#    |.........#         ----.-              #             |..|
    |.........|#    ----------           ####`##################T#########.(.|
    |..........#                            ###                           |..|
    -----------                                *                          ----

Kolin the Woman-at-arms     St:18/06 Dx:16 Co:17 In:8 Wi:12 Ch:7  Lawful
Dlvl:13 $:28 HP:0(116) Pw:26(26) AC:-2 Xp:13/40456 T:18883  Blind

Latest messages:
 Never mind.
 Really step into that pit? [yn] (n) n
 In what direction? 9
 The door resists!
 In what direction? 9
 The door closes.
 What do you want to use or apply? [aefjknoswxABDEL-NPRTXY or ?*] ?
 In what direction? 9
 Lock it? [ynq] (q) y
 You hear a door open.
 You cannot lock an open door.
 The rock troll hits!
 The rock troll hits!
 The rock troll bites!
 What do you want to use or apply? [aefjknoswxABDEL-NPRTXY or ?*] s
 In what direction? 9
 Status of the rock troll (chaotic, large):  Level 9  HP 47(47)  AC -5.
 What do you want to zap? [efknABEL-NPRX or ?*] ?
 Nothing happens.
 The rock troll just misses!
 The rock troll misses!
 The rock troll bites!
 What do you want to zap? [efknABEL-NPRX or ?*] ?
 Never mind.
 What do you want to zap? [efknABEL-NPRX or ?*] ?
 Never mind.
 What do you want to zap? [efknABEL-NPRX or ?*] ?
 Nothing happens.
 The rock troll hits!
 The rock troll misses!
 The rock troll bites!
 What do you want to read? [r or ?*] ?
 What do you want to read? [r or ?*] <esc>
 Never mind.
 What do you want to use or apply? [aefjknoswxABDEL-NPRTXY or ?*] s
 In what direction? 9
 Status of the rock troll (chaotic, large):  Level 9  HP 47(47)  AC -5.
 You miss the rock troll.
 The rock troll hits!
 The rock troll just misses!
 The rock troll bites!
 What do you want to use or apply? [aefjknoswxABDEL-NPRTXY or ?*] s
 In what direction? 9
 Status of the rock troll (chaotic, large):  Level 9  HP 47(47)  AC -5.
 You try to feel what is lying here on the ground.
 You feel here an elven spear.
 You hear a nearby zap.
 The death ray hits you!
 Do you want your possessions identified? [ynq] (y) y
 Do you want to see your attributes? [ynq] (y) q

Inventory:
 Coins    ('$')
  $ - 28 gold pieces
 Amulets  ('"')
  u - an uncursed amulet of flying
  p - an uncursed amulet of magical breathing (being worn)
 Weapons  (')')
  S - the blessed rustproof +0 Excalibur (weapon in right hand)
 Armor    ('[')
  J - an uncursed +0 helmet (being worn)
  U - an uncursed +0 pair of leather gloves (being worn)
  C - an uncursed corroded +0 pair of iron shoes named nc (being worn)
  c - an uncursed +3 small shield (being worn)
  l - an uncursed +0 mummy wrapping
  H - an uncursed burnt +0 oilskin cloak (being worn)
  O - an uncursed +0 elven mithril-coat (being worn)
 Comestibles  ('%')
  g - an uncursed C-ration
  d - 2 uncursed food rations
  F - an uncursed K-ration
  t - an uncursed tripe ration
  h - an uncursed lizard corpse
  Q - an uncursed lizard corpse
 Scrolls  ('?')
  r - 2 uncursed scrolls of earth
 Rings    ('=')
  y - an uncursed ring of free action (on right hand)
  W - an uncursed ring of regeneration
 Wands    ('/')
  n - a wand of cancellation (0:7)
  A - a wand of cancellation (0:5)
  L - a wand of cold (0:1)
  M - a wand of digging (0:5)
  X - a wand of digging (0:3)
  k - a wand of lightning (0:7)
  N - a blessed wand of magic missile (0:0)
  B - a wand of magic missile (0:3)
  P - a wand of magic missile (0:0)
  f - a wand of striking (0:4)
  e - a wand of striking (0:0)
  E - a wand of teleportation (0:0)
  R - a wand of teleportation (0:0)
 Tools    ('(')
  x - an uncursed bag of holding containing 6 items
  w - an uncursed blindfold named nc (being worn)
  T - an uncursed magic lamp (lit)
  j - an uncursed magic whistle
  D - an uncursed mirror
  o - a +0 pick-axe
  Y - an uncursed skeleton key
  s - an uncursed stethoscope
  a - a +0 unicorn horn

Contents of the bag of holding:
  21297 gold pieces
  8 +0 daggers
  an uncursed scroll of teleportation
  an uncursed potion of healing
  a potion of holy water
  2 uncursed potions of water

Kolin the Valkyrie's attributes:

Background:
 You were a Woman-at-arms, a level 13 dwarven Valkyrie.
 You were lawful, on a mission for Tyr
 who was opposed by Odin (neutral) and Loki (chaotic).
 You were right-handed.
 You were in the Dungeons of Doom, on level 13.
 You entered the dungeon 18883 turns ago.
 It was nighttime.
 You had 40456 experience points, 39544 more were needed to attain level 14.

Basics:
 You had 0 out of 116 hit points.
 You had all 26 energy points (spell power).
 Your armor class was -2.
 Your wallet contained 28 zorkmids, and
 you had 21297 more stashed away in your pack.
 Autopickup was on for '$"?!=/' plus thrown.

Final Characteristics:
 Your strength was 18/06 (limit:18/100).
 Your dexterity was 16 (peak:18, limit:20).
 Your constitution was 17 (peak:18, limit:20).
 Your intelligence was 8 (limit:16).
 Your wisdom was 12 (limit:16).
 Your charisma was 7 (limit:16).

Final Status:
 You were deliberately blind.
 You weren't hungry.
 You were unencumbered.
 You were wielding a long sword.
 You had expert skill with long sword.

Final Attributes:
 You were piously aligned.
 You were fire resistant.
 You were cold resistant.
 You were sleep resistant.
 You were poison resistant.
 You were level-drain resistant.
 You would have seen invisible when not blind.
 You were telepathic.
 You had automatic searching.
 You had infravision.
 You were invisible to others.
 You were stealthy.
 You could survive without air.
 You were guarded.
 You were fast.
 You had free action.
 You are dead (2nd time!).

Miscellaneous:
 You didn't encounter any bones levels.
 Total elapsed playing time was 1 day, 4 hours and 26 seconds.

Major events:
 Turn
    1: Kolin the lawful dwarven Valkyrie entered the dungeon
  673: attained the rank of Skirmisher (level 3)
 2534: attained the rank of Fighter (level 6)
 2810: entered Sokoban
 4351: entered the Gnomish Mines
 4403: reached Mine Town
 5695: completed 1st Sokoban level
 6160: completed 2nd Sokoban level
 6437: entered the Bigroom
 8680: was given Excalibur by the Lady of the Lake
10042: attained the rank of Woman-at-arms (level 10)
10242: completed 3rd Sokoban level
11029: completed 4th Sokoban level
11228: acquired the Sokoban bag of holding
12953: acquired the Mines' End luckstone
15393: entered Home 1, the Quest
18185: averted death (killed by a death ray)
18883: killed by a death ray

You didn't know any spells.

Skills:
 Fighting Skills
   bare handed combat [Unskilled]
   two weapon combat  [Unskilled]
   riding             [Unskilled]
 Weapon Skills
   dagger             [Basic]
   axe                [Unskilled]
   pick-axe           [Unskilled]
   short sword        [Unskilled]
   broadsword         [Unskilled]
   long sword         [Expert]
   two-handed sword   [Unskilled]
   saber              [Unskilled]
   hammer             [Unskilled]
   quarterstaff       [Unskilled]
   polearms           [Unskilled]
   spear              [Basic]
   trident            [Unskilled]
   lance              [Unskilled]
   sling              [Unskilled]
 Spellcasting Skills
   attack spells      [Unskilled]
   escape spells      [Unskilled]

Voluntary challenges:
 Character rerolling was not enabled.
 You never genocided any monsters.
 You never polymorphed an object.
 You never changed form.
 You used no wishes.
 You did not violate any of the special Sokoban rules.
Achievements:
 You attained the rank of Skirmisher.
 You attained the rank of Fighter.
 You entered Sokoban.
 You entered the Gnomish Mines.
 You entered Minetown.
 You entered a shop.
 You entered a temple.
 You entered the Big Room.
 You attained the rank of Woman-at-arms.
 You completed Sokoban.
 You completed the Gnomish Mines.

 The Dungeons of Doom: levels 1 to 22
    Level 1:
       A fountain.
    Level 2:
    Level 3:
       A food shop.
    Level 4:
       Stairs down to The Gnomish Mines.
    Level 5:
    Level 6:
       A fountain.
    Level 7:
       Many fountains.
    Level 8:
       Many fountains.
       Oracle of Delphi.
    Level 9:
       Stairs up to Sokoban, level 8.
    Level 10:
       A very big room.
    Level 11:
       A general store, a fountain.
    Level 12:
    Level 13: <- You were here.
       A fountain.
       Final resting place for
          you, killed by a death ray.
    Level 14:
       Some fountains.
       Summoned by the Norn.
       Portal to The Quest.
    Level 15:
       An armor shop.
    Level 16:
       An altar, many fountains.
    Level 17:
       A tool shop, many altars, a sink.
    Level 18:
       A primitive area.
    Level 19:
       A throne, a sink, a grave.
    Level 20:
    Level 21:
       Some fountains.
    Level 22:
       A throne.
 The Gnomish Mines: levels 5 to 12
    Level 5:
    Level 6:
    Level 7:
       Many shops, a temple and an altar, some fountains.
    Level 8:
    Level 9:
    Level 10:
    Level 11:
    Level 12:
       A fountain.
 The Quest:
    Level 1:
       A fountain.
       Home.
 Sokoban: levels 8 up to 5
    Level 5:
       Solved.
    Level 6:
       Solved.
    Level 7:
       Solved.
    Level 8:
       Solved.


Vanquished creatures:
  a yellow dragon
  3 black puddings
  a vampire
  a lieutenant
  3 giant mimics
  5 long worms
  2 fire giants
  2 ogre tyrants
 an ice troll
  a flesh golem
  a doppelganger
  4 large mimics
  4 stalkers
  2 earth elementals
  3 water elementals
  4 elf-nobles
  4 water demons
  a winter wolf
 14 small mimics
  3 warhorses
 an ogre leader
  a troll
  a wood golem
  3 gelatinous cubes
  a pyrolisk
  a large dog
  a freezing sphere
  3 flaming spheres
  a shocking sphere
  3 large cats
  a tiger
  a gargoyle
  2 ochre jellies
  a leocrotta
 an energy vortex
  a mountain centaur
  2 pythons
  a pit viper
  4 wraiths
 an ettin zombie
  a leather golem
 11 Grey-elves
  3 soldiers
  4 amorous demons
  2 chameleons
  2 crocodiles
  9 giant beetles
  4 quivering blobs
  a wolf
  9 winter wolf cubs
  2 panthers
  a gremlin
  a spotted jelly
 35 leprechauns
  2 orc-captains
  2 iron piercers
  a mumak
  3 giant spiders
  3 scorpions
  2 horses
  3 ice vortices
  2 black lights
  5 vampire bats
  a forest centaur
  3 orc mummies
 an ogre
  3 brown puddings
  2 rust monsters
  3 owlbears
  a yeti
  a gold golem
  a werewolf
 10 Green-elves
  6 lizards
  a dog
  2 housecats
  a jaguar
  a blue jelly
  a gray unicorn
  2 black unicorns
  a dust vortex
  2 ravens
  4 gnome mummies
  a snake
  7 apes
  4 human zombies
  a rope golem
  4 Woodland-elves
  6 soldier ants
  5 bugbears
  a quasit
  4 wood nymphs
  4 water nymphs
  2 Mordor orcs
 11 Uruk-hai
 an orc shaman
  4 rock piercers
  a rock mole
  6 ponies
  5 fog clouds
  5 yellow lights
  3 shriekers
  5 violet fungi
  3 gnome leaders
  a gnomish wizard
  2 kobold mummies
  2 barrow wights
 an elf zombie
  2 ghouls
  3 straw golems
  a paper golem
  a giant ant
  3 little dogs
  7 floating eyes
  7 kittens
  3 dwarves
  4 homunculi
  a kobold shaman
 15 hill orcs
  6 rothes
  2 rabid rats
  5 centipedes
  4 giant bats
  a monkey
  5 orc zombies
  4 dwarf zombies
  6 wererats
  a werejackal
  4 iguanas
 24 killer bees
  2 acid blobs
  5 coyotes
  8 hobbits
 12 manes
  2 large kobolds
 10 hobgoblins
  3 giant rats
  a cave spider
  2 yellow molds
  a red mold
 35 gnomes
  a garter snake
  3 gnome zombies
  7 geckos
  9 jackals
  3 foxes
  5 kobolds
  3 goblins
  8 sewer rats
  5 grid bugs
  7 bats
  5 lichens
  2 kobold zombies
 10 newts
593 creatures vanquished.

No species were genocided or became extinct.

Game over:
                       ----------
                      /          \
                     /    REST    \
                    /      IN      \
                   /     PEACE      \
                  /                  \
                  |      Kolin       |
                  |     21325 Au     |
                  |   killed by a    |
                  |    death ray     |
                  |                  |
                  |                  |
                  |       2026       |
                 *|     *  *  *      | *
        _________)/\\_//(\/(/\)/\//\/|_)_______

Farvel Kolin the Valkyrie...

You died in The Dungeons of Doom on dungeon level 13 with 106593 points,
and 21325 pieces of gold, after 18883 moves.
You were level 13 with a maximum of 116 hit points when you died.

